 Dungeon Crawl Stone Soup version 0.29.1-12-g30fa7ad0bf (webtiles) character file.

Game seed: 17544050291652623409

9 yeehawbw the Grave Robber (level 2, -3/20 HPs)
             Began as a Ghoul Necromancer on Jan 10, 2023.
             Slain by a gnoll
             ... wielding a +0 club
              (6 damage)
             ... on level 1 of the Dungeon.
             The game lasted 00:07:46 (821 turns).

yeehawbw the Grave Robber (Ghoul Necromancer)        Turns: 821, Time: 00:07:46

Health: -3/20      AC:  2    Str: 11    XL:     2   Next: 16%
Magic:  3/4        EV: 12    Int: 10    God:
Gold:   5          SH:  0    Dex:  9    Spells: 4/5 levels left

rFire   . . .      SeeInvis .   c - +0 short sword
rCold   + . .      Faith    .   (no shield)
rNeg    + + +      Spirit   .   a - +0 robe
rPois   ∞          Reflect  .   (no helmet)
rElec   .          Harm     .   (no cloak)
rCorr   .          Rampage  .   (no gloves)
Will    .....                   (no boots)
Stlth   ++........              (no amulet)
HPRegen 0.00/turn               (no ring)
MPRegen 0.09/turn               (no ring)

@: inhibited regen
A: claws 1, cold resistance 1, negative energy resistance 3, inhibited
regeneration, torment resistance 2, devour on kill
a: no special abilities


You were on level 1 of the Dungeon.
You visited 1 branch of the dungeon, and saw 1 of its levels.

You collected 5 gold pieces.

Inventory:

Hand Weapons
 c - a +0 short sword (weapon)
Armour
 a - a +0 robe (worn)
Potions
 b - a potion of magic


   Skills:
 + Level 1.8 Dodging
 - Level 2.1 Stealth
 + Level 2.1 Spellcasting
 + Level 4.2 Necromancy


You had 4 spell levels left.
You knew the following spells:

 Your Spells              Type           Power      Damage    Failure   Level
a - Necrotise             Necr           36%        1d5       5%          1

Your spell library contained the following spells:

 Spells                   Type           Power      Damage    Failure   Level
 Vampiric Draining        Necr           9%         2d6       16%         3
 Animate Dead             Necr           9%         N/A       47%         4
 Agony                    Necr           9%         N/A       83%         5


Dungeon Overview and Level Annotations

Branches:
Dungeon (1/15)

Altars:


Innate Abilities, Weirdness & Mutations

You are immune to poison.
You have sharp fingernails.
Your flesh is cold resistant. (rC+)
You are immune to negative energy. (rN+++)
You do not regenerate when monsters are visible.
You are immune to unholy pain and torment.
You thrive by killing the living.


Message History

The gnoll shouts!
You see here 4 large rocks.
Found 6 gold pieces.
A goblin comes into view. It is wielding a +0 dagger.
You see here 6 gold pieces.
The goblin shouts!
A kobold comes into view. It is wielding a +0 dagger.
The kobold shouts!
The kobold moves out of view.
A giant cockroach comes into view.
You hit the goblin.
The goblin is moderately wounded.
The goblin barely misses you.
You barely miss the goblin.
The goblin is moderately wounded.
The goblin hits you but does no damage.
You barely miss the goblin.
The goblin is moderately wounded.
The goblin hits you with a +0 dagger.
You barely miss the goblin.
The goblin is moderately wounded.
The goblin hits you with a +0 dagger.
You hit the goblin.
You kill the goblin!
You hit the gnoll.
The gnoll is lightly wounded.
The gnoll hits you with a +0 club.
You hit the gnoll.
The gnoll is moderately wounded.
The gnoll hits you with a +0 club.
Found 2 bubbling emerald potions.
The gnoll attacks as you move away! The gnoll hits you with a +0 club.
* * * LOW HITPOINT WARNING * * *
Casting: Necrotise (safe; 5% risk of failure)
Confirm with . or Enter, or press ? or * to list all spells.
Aiming: Necrotise (safe; 5% risk of failure)
Press: ? - help, Shift-Dir - straight line, f - gnoll
Aim: a gnoll, wielding a +0 club (moderately wounded, chance to affect: 69%)
The gnoll writhes in agony.
The gnoll hits you with a +0 club.
You die...

...................
.. #.............
#. #..........## #.
##K##(###..# # #.
#.##.# ##.#
#.###.######.##g#
#.#
#!.....K.B.).##.#
.#
####..g#####.##.#
.# #..@# #.##.# ..
#.....# #g##.# ..
#.....####.##.#
#.............#
#..........$..#
#.............g....
##.###.......##.##.
#. #.#.....# .#
.......### #


You could see a gnoll and a kobold.

Vanquished Creatures
  A ball python (D:1)
  A goblin (D:1)
  A quokka (D:1)
  A rat (D:1)
4 creatures vanquished.

Vanquished Creatures (collateral kills)
  2 giant cockroaches (D:1)
  A hobgoblin (D:1)
  A kobold (D:1)
4 creatures vanquished.

Grand Total: 8 creatures vanquished

Notes
Turn   | Place    | Note
-------+----------+-------------------------------------------
     0 | D:1      | yeehawbw the Ghoul Necromancer began the quest for the Orb.
     0 | D:1      | Reached XP level 1. HP: 14/14 MP: 2/2
   461 | D:1      | Reached XP level 2. HP: 3/20 MP: 2/4
   461 | D:1      | HP: 1/20 [hobgoblin (2)]
   821 | D:1      | Slain by a gnoll

Illustrated notes

Levels and vault maps discovered:
D:1:      matt_arrival_los_fun, layout_loops_ring,
          hellmonk_ecumenical_altar_pennies_from_heaven, due_unseen_surprise

Skill      XL: |  1 |
---------------+----+-----
Spellcasting   | 2 |  2.1
Dodging        | |  1.8
Stealth        | |  2.1
Necromancy     | |  4.2

Action                   || total
-------------------------++-------
Melee: Unarmed           ||    22
       Short sword       ||    14
 Cast: Necrotise         ||     5
Armor: Robe              ||     6
Dodge: Dodged            ||    27
